 Dungeon Crawl Stone Soup version 0.31-a0-981-geadf994542 (webtiles) character file.

Game seed: 9379908094479854919

12231 Persephone the Severer (level 11, -4/97 HPs)
             Began as a Hill Orc Fighter on Oct 31, 2023.
             Was a High Priest of Okawaru.
             Slain by a titanic slime creature (93 damage)
             ... on level 10 of the Dungeon.
             The game lasted 00:17:48 (11352 turns).

Persephone the Severer (Hill Orc Fighter)          Turns: 11352, Time: 00:17:48

Health: -4/97      AC: 18    Str: 24    XL:     11   Next: 90%
Magic:  18/18      EV: 10    Int:  8    God:    Okawaru [*****.]
Gold:   846        SH: 13    Dex: 10    Spells: 10/10 levels left

rFire   . . .        r - +1 war axe (flame)
rCold   . . .        w - +0 tower shield
rNeg    . . .        v - +0 plate armour
rPois   .            (no helmet)
rElec   .            A - +0 cloak
rCorr   +            p - +0 pair of gloves
SInv    .            l - +0 pair of boots
Will    .....        (no amulet) Stlth
                     d - ring of resist corrosion
HPRegen 0.36/turn    u - +5 ring of evasion
MPRegen 0.16/turn

%: no passive effects
@: no status effects
A: no striking features
a: Renounce Religion, Heroism, Finesse, Duel


You were on level 10 of the Dungeon.
You worshipped Okawaru.
Okawaru was extremely pleased with you.
You visited 1 branch of the dungeon, and saw 10 of its levels.

You collected 846 gold pieces.

Inventory:

Hand Weapons
 r - a +1 war axe of flaming (weapon)
Missiles
 j - 3 throwing nets
 n - 5 boomerangs
 x - 3 javelins (quivered)
Armour
 l - a +0 pair of boots (worn)
 p - a +0 pair of gloves (worn)
 v - a +0 plate armour (worn)
 w - a +0 tower shield (worn)
 A - a +0 cloak (worn)
Jewellery
 d - a ring of resist corrosion (left hand)
 u - a +5 ring of evasion (right hand)
 y - a ring of ice
Wands
 b - a wand of digging (6)
 f - a wand of mindburst (6)
 s - a wand of iceblast (19)
Scrolls
 a - 2 scrolls of vulnerability
 h - a scroll of enchant weapon
 i - 6 scrolls of identify
Potions
 c - 3 potions of brilliance
 e - 2 potions of attraction
 g - 4 potions of mutation
 m - a potion of cancellation
 o - 3 potions of might
 q - 3 potions of curing
 t - 2 potions of enlightenment


   Skills:
 + Level 9.6 Fighting
 - Level 16.0 Axes
 + Level 3.0 Throwing
 + Level 8.7 Armour
 + Level 6.3 Shields
 + Level 9.4 Invocations


You had 10 spell levels left.
You didn't know any spells.
Your spell library contained the following spells:

 Spells                   Type           Power      Damage    Failure   Level
 Cigotuvi's Dreadful Rot  Necr/Pois/Air  0%         N/A       100%        2
 Ignite Poison            Fire/Tmut/Pois 0%         N/A       100%        3
 Cause Fear               Hex            0%         N/A       100%        4
 Fireball                 Conj/Fire      0%         3d3       100%        5
 Freezing Cloud           Conj/Ice/Air   0%         6-21      100%        5
 Dragon's Call            Summ           Unusable   N/A       N/A         9

Dungeon Overview and Level Annotations

Branches:
Dungeon (10/15)            Temple (0/1) D:5            Lair (0/5) D:9
    Orc: D:9-12

Altars:
Ashenzari
Dithmenos
Gozag
Hepliaklqana
Makhleb
Okawaru
Ru
Trog
Uskayaw
Xom
Yredelemnul
Zin
Beogh

Shops:
D:4 *

Portals:
Trove: D:10 (show abyssal rune of Zot)

Annotations:
D:6 3 runed translucent doors, PowderKeg's ghost, novice GrEE
D:8 2 transporters, Shayle's ghost, novice TeHs


Message History

A slime creature comes into view.
Your Throwing skill increases to level 3!
You closely miss the warg. The warg bites you but does no damage.
You block the warg's attack.
A slime creature comes into view.
You closely miss the warg. The warg barely misses you.
You slash the warg! You burn the warg.
The warg is heavily wounded.
Two slime creatures merge to form a large slime creature.
You completely miss the slime creature.
A slime creature comes into view.
The slime creature quivers.
You hit the slime creature. You burn the slime creature.
The slime creature is lightly wounded.
You block the slime creature's attack.
Two slime creatures merge to form a large slime creature.
You slice the large slime creature!! You burn the large slime creature.
The large slime creature is moderately wounded.
You barely miss the large slime creature.
The large slime creature is moderately wounded.
The large slime creature hits you but does no damage.
You hit the large slime creature. You burn the large slime creature.
The large slime creature is moderately wounded.
You block the large slime creature's attack.
Two slime creatures merge to form an enormous slime creature.
You barely miss the enormous slime creature.
The enormous slime creature is lightly wounded.
Two slime creatures merge to form a titanic slime creature.
You slash the titanic slime creature! You burn the titanic slime creature.
The titanic slime creature is lightly wounded.
You barely miss the titanic slime creature.
The titanic slime creature is lightly wounded.
You barely miss the titanic slime creature.
The titanic slime creature is lightly wounded.
You block the titanic slime creature's attack.
You hit the titanic slime creature but do no damage.
The titanic slime creature is lightly wounded.
The titanic slime creature hits you!!!!
Ouch! That really hurt!
You die...

.........######.######...'...†...
.........# #...########..†....
##'####### ###...# #...†... #..#
# ###.## ##..#### #'###### ##
.#####..# ##.# ....).)##.#
#.#......## ...
.....#))$.##..###.##..# #.#>#
.....##g..(....###..#.# .. ..
....^###h#.#####@.###.# .## ##
.....##.)))# #J##.....# .
.....##)#)#...(# #...##
.....#####..##... ...# .....#
#..( # .### ##..# #. . .. (# .


You could see a titanic slime creature.

Vanquished Creatures
  Fannar (D:10)
  Harold (D:10)
  Erolcha (D:9)
  A two-headed ogre (D:10)
  Urug (D:10)
  Pikel (D:9)
  Joseph (D:8)
  2 elephants (D:9)
  Jeremiah (Arena)
  A troll (D:10)
  2 hornets
  A slime creature (D:10)
  13 yaks
  A vampire (D:10)
  A wyvern (D:9)
  3 steam dragons
  An acid dragon (D:10)
  Duvessa (D:7)
  4 orc warriors (D:10)
  An ice beast (D:7)
  6 black bears
  3 ogres
  2 phantoms
  3 lemures (D:9)
  3 kobold brigands
  3 bullfrogs
  2 scorpions
  5 wights (D:8)
  Dowan (D:7)
  8 killer bees
  A lava snake (D:8)
  5 hounds
  7 orc priests
  A jelly (D:5)
  2 gnoll boudas
  6 iguanas
  2 sleepcaps
  12 orc wizards
  20 gnolls
  5 adders
  A white imp (D:7)
  2 ufetubi (D:6)
  5 worms
  A dart slug (D:4)
  35 orcs
  A bat (D:3)
  3 endoplasms
  6 giant cockroaches
  8 hobgoblins
  4 quokkas
  8 ball pythons
  4 frilled lizards
  9 goblins
  15 kobolds
  2 rats (D:2)
240 creatures vanquished.

Notes
Turn   | Place    | Note
-------+----------+-------------------------------------------
     0 | D:1      | Persephone the Hill Orc Fighter began the quest for the
                  | Orb.
     0 | D:1      | Reached XP level 1. HP: 19/19 MP: 1/1
    84 | D:1      | Reached skill level 3 in Axes
   138 | D:1      | Reached XP level 2. HP: 26/26 MP: 2/2
   270 | D:1      | Reached skill level 4 in Axes
   696 | D:2      | Reached XP level 3. HP: 31/31 MP: 3/3
   852 | D:2      | Reached skill level 5 in Axes
  1222 | D:3      | Reached XP level 4. HP: 39/39 MP: 4/4
  1522 | D:3      | Reached skill level 6 in Axes
  1643 | D:3      | Reached XP level 5. HP: 7/45 MP: 5/5
  2076 | D:4      | Reached skill level 7 in Axes
  2242 | D:4      | Found Courepoyhu's Fire Supplies.
  2383 | D:4      | Found an iron altar of Okawaru.
  2603 | D:4      | Found a burning altar of Makhleb.
  2988 | D:4      | Reached skill level 8 in Axes
  2988 | D:4      | Reached XP level 6. HP: 51/51 MP: 6/6
  3144 | D:5      | Entered Level 5 of the Dungeon
  3152 | D:5      | Noticed a black bear
  3163 | D:5      | Killed a black bear
  3164 | D:5      | Reached skill level 9 in Axes
  3274 | D:5      | Reached XP level 7. HP: 57/57 MP: 7/7
  3283 | D:5      | Found a shadowy altar of Dithmenos.
  3357 | D:5      | Reached skill level 10 in Axes
  3626 | D:5      | Found a staircase to the Ecumenical Temple.
  3700 | D:5      | Reached skill level 11 in Axes
  4049 | D:4      | Became a worshipper of Warmaster Okawaru
  4507 | D:6      | Found a broken altar of Ashenzari.
  4554 | D:6      | Reached XP level 8. HP: 46/64 MP: 8/8
  4954 | D:6      | Found a runed translucent gate.
  4955 | D:6      | Found a runed translucent gate.
  4956 | D:6      | Noticed PowderKeg's ghost (novice GrEE)
  4957 | D:6      | Found a runed translucent gate.
  4958 | D:6      | Identified the +5 chain mail "Icuat" {Rampage rN+}
  5009 | D:6      | Reached skill level 12 in Axes
  5252 | D:6      | Found a roughly hewn altar of Beogh.
  5375 | D:7      | Reached * piety under Okawaru
  5413 | D:7      | Reached skill level 5 in Shields
  5636 | D:7      | Found a hide-covered altar of Uskayaw.
  5643 | D:7      | Reached skill level 13 in Axes
  5712 | D:7      | Found a shimmering altar of Xom.
  5714 | D:7      | Found an opulent altar of Gozag.
  5979 | D:7      | Reached skill level 14 in Axes
  5979 | D:7      | Reached XP level 9. HP: 22/70 MP: 6/9
  6410 | D:7      | Noticed Dowan
  6445 | D:7      | Killed Dowan
  6600 | D:7      | Noticed Duvessa
  6616 | D:7      | Killed Duvessa
  6775 | D:7      | Found a hazy altar of Hepliaklqana.
  7007 | D:7      | Reached skill level 15 in Axes
  7115 | D:8      | Noticed Joseph
  7124 | D:8      | Killed Joseph
  7124 | D:8      | Reached ** piety under Okawaru
  7202 | D:8      | Noticed a two-headed ogre
  7214 | D:8      | Found a transporter.
  7215 | D:8      | Noticed a moth of wrath
  7218 | D:8      | Noticed Shayle's ghost (novice TeHs)
  7219 | D:8      | Found a bloodstained altar of Trog.
  7226 | D:8      | Noticed a hornet
  7252 | D:8      | Killed a hornet
  7253 | D:8      | Reached skill level 16 in Axes
  7253 | D:8      | Reached skill level 1 in Invocations
  7433 | D:8      | Found a transporter.
  7486 | D:8      | Found a sacrificial altar of Ru.
  7521 | D:8      | Reached skill level 5 in Fighting
  7521 | D:8      | Reached XP level 10. HP: 60/81 MP: 10/12
  7533 | D:8      | Reached *** piety under Okawaru
  7540 | D:8      | Reached skill level 5 in Armour
  7876 | D:8      | Reached skill level 5 in Invocations
  8285 | D:8      | Found a basalt altar of Yredelemnul.
  8392 | D:9      | Noticed Erolcha
  8407 | D:9      | Killed Erolcha
  8407 | D:9      | Reached **** piety under Okawaru
  8656 | D:9      | Noticed an elephant
  8743 | D:9      | Noticed an elephant
  8768 | D:9      | Killed an elephant
  8871 | D:9      | Found a staircase to the Lair.
  8877 | D:9      | Reached ***** piety under Okawaru
  8984 | D:9      | Noticed Jeremiah
  8996 | D:9      | Found a glowing silver altar of Zin.
  9000 | Arena    | Entered the Arena
  9008 | Arena    | Killed Jeremiah
  9064 | D:9      | Noticed Pikel
  9082 | D:9      | Killed Pikel
  9083 | D:9      | Reached XP level 11. HP: 41/94 MP: 16/16
  9967 | D:10     | Entered Level 10 of the Dungeon
 10368 | D:10     | Noticed a two-headed ogre
 10383 | D:10     | Killed a two-headed ogre
 10384 | D:10     | Reached skill level 1 in Throwing
 10519 | D:10     | Found a portal to a secret trove of treasure.
 10596 | D:10     | Noticed Harold
 10610 | D:10     | Killed Harold
 10650 | D:10     | Noticed Urug
 10661 | D:10     | Killed Urug
 10886 | D:10     | Noticed Fannar
 10913 | D:10     | Killed Fannar
 11352 | D:10     | Slain by a titanic slime creature

Illustrated notes

Levels and vault maps discovered:
D:1:      onia_arrival_mini_maze_b, layout_rooms, serial_glass, glass_columns_c,
          glass_columns_b, glass_columns_a, glass_columns_c, glass_columns_a,
          glass_columns_a, dreamdust_princess_corridor
D:2:      layout_rooms, serial_aquarium, aquarium_bridge_square
          [aquarium_subvault_bridge, aquarium_subvault_balcony,
          aquarium_subvault_window, aquarium_subvault_bridge],
          aquarium_window_fake, aquarium_window_2, aquarium_window_1,
          aquarium_view_2b
D:3:      layout_loops_cross
D:4:      layout_layer_cave, nicolae_overflow_hidden_temple,
          mainiacjoe_overflow_tiny_flanked, nicolae_shop_fire_sale
          [nicolae_sub_dead_trees]
D:5:      layout_gridville, grunt_dithmenos_smoke, temple_statues
D:6:      layout_cave_pools, ashenzari_conservatory_becter,
          biasface_ghost_orc_armoury
D:7:      layout_gridville, nicolae_hepliaklqana_hazy_memory,
          grunt_temple_overflow_open, dreamdust_wishing_well, uniq_duvessa
D:8:      layout_rooms, mainiacjoe_overflow_24_doors,
          mainiacjoe_overflow_alcove_1, gammafunk_ghost_wrathful_warriors,
          kennysheep_small_spiral, uniq_joseph
D:9:      layout_basic, amcnicky_altar_gilded, grunt_lair_entry_orc_guard_hut,
          uniq_jeremiah, uniq_pikel, uniq_erolcha
D:10:     layout_roguey, erik_orc_3, nicolae_trove_entry_diagonal, uniq_urug,
          uniq_fannar, uniq_harold

Skill      XL: |  1  2  3  4  5  6  7  8  9 10 11 |
---------------+----------------------------------+-----
Axes           | 3 4 5 6 8 9 11 14 16 | 16.0
Shields        | 5 6 |  6.3
Fighting       | 5 8 9 |  9.6
Invocations    | 3 7 9 |  9.4
Armour         | 4 7 8 |  8.7
Throwing       | 3 |  3.0

Action                     |  1- 3 |  4- 6 |  7- 9 | 10-12 || total
---------------------------+-------+-------+-------+-------++-------
  Melee: War axe           |   111 |    77 |   244 |   318 ||   750
  Throw: Boomerang         |    35 |    49 |    72 |    57 ||   213
         Javelin           |       |       |       |     8 ||     8
 Invoke: Heroism           |       |       |     4 |     4 ||     8
         Duel              |       |       |       |     1 ||     1
         Finesse           |       |       |       |     1 ||     1
    Use: Potion            |       |     1 |     5 |     1 ||     7
         Scroll            |       |       |    16 |     2 ||    18
 Armour: Scale mail        |    70 |    64 |   170 |       ||   304
         Plate armour      |       |       |    30 |   190 ||   220
         Chain mail        |       |       |    11 |       ||    11
  Dodge: Dodged            |    61 |    41 |    77 |    86 ||   265
  Block: Buckler           |    26 |    15 |    10 |       ||    51
         Tower shield      |       |       |   153 |   190 ||   343

Table legend: (Time is in decaauts)
 A = Elapsed time spent in this place.
 B = Non-inter-level travel time spent in this place.
 C = Inter-level travel time spent in this place.
 D = Time resting spent in this place.
 E = Time spent auto-exploring this place.
 F = Levels seen in this place.
 G = Mean time per level.
                   A        B        C        D        E       F      G
               +--------+--------+--------+--------+--------+-----+--------+
         Total |  11480 |  11006 |    474 |      0 |   8830 |  11 | 1043.6 |
       Dungeon |  11453 |  10979 |    474 |      0 |   8815 |  10 | 1145.3 |
         Arena |     26 |     26 |      0 |      0 |     15 |   1 |   26.0 |
               +--------+--------+--------+--------+--------+-----+--------+

Top non-repeatable levels by time:
     D:9: 1783 daAuts
     D:7: 1491 daAuts
     D:4: 1432 daAuts
     D:8: 1283 daAuts
     D:5: 1190 daAuts
     D:6: 1159 daAuts
    D:10: 1156 daAuts
     D:3: 731 daAuts
     D:1: 695 daAuts
     D:2: 529 daAuts
   Arena: 26 daAuts
